kba, lawful female dwarven Valkyrie -------- ------------- |......-###################----- |...........| ------- |......| #|...| ##............| |.|...| |......| ----- #|...| # |...........| ###########->.`..| |......| |....########|...|####..........(.| # ------- |.....`| |..<| #|...|# # |...........-## |......| |..{| #|..>-####|.......^...| -------- |...| #|...|####------.------ ----- #-----## #### ######## # # #@q ################################ # ----.----------- -----|- ### |..............| |.....| ---------------- # |............[.| |.....| |[.)[./)?"[.).)-## |..............| |.....| |.**!?[.??)[!?[| |..............| |.....| |..=.?[.[?)!)..| ---------------- ------- |+[..=[/.)!.=..| ---------------- kba the Skirmisher Experience level: 5 Strength: 12 Dexterity: 18 Constitution: 18 Intelligence: 9 Wisdom: 9 Charisma: 9 Health: 0(49) Energy: 7(7) AC: 0 Gold: 152 Moves: 2837 Your Inventory: Coins $ - 152 gold pieces Weapons a - an uncursed +1 long sword (weapon in hand) b - 5 uncursed +0 daggers h - an [uncursed +1] elven arrow m - an [uncursed +0] sling n - an [uncursed +0] boomerang P - 10 [cursed -1] arrows T - 4 [uncursed +0] darts Armor c - an uncursed +3 small shield (being worn) s - a cursed +0 dwarvish iron helm [of dexterity] (being worn) B - an [uncursed] +0 studded leather armor (being worn) Comestibles d - an uncursed food ration C - 2 uncursed food rations V - an uncursed food ration W - an [uncursed] food ration Rings e - an uncursed +1 ring of increase damage (on right hand) Wands o - an uncursed wand of enlightenment (0:12) r - an uncursed wand of striking (0:3) Tools f - an [uncursed] leash t - an [uncursed +0] pick-axe u - an [uncursed] bag [sack] Gems x - an uncursed worthless piece of red glass N - a cursed gray stone [loadstone] S - 2 [uncursed] blue gems [worthless glass] Contents of the sack: 2 [uncursed wax] candles an [uncursed tallow] candle Spells known in the end: Name Level Category Fail Memory Your skills at the end: Fighting Skills Weapon Skills dagger [Basic] long sword [Basic] Spellcasting Skills Final Attributes: You were piously aligned. Hunger level was 661. Your alignment was 23 / 24. Monster difficulty range was 0 - 4. Level difficulty was 4. You were immune to cold. You were telepathic. You had infravision. You were stealthy. You had a +1 damage bonus. You were unlucky (-3). Tyr was angry with you (1). You are dead. Vanquished creatures: 2 human zombies 2 rock piercers an enormous rat a pony 2 gnome lords a guardian naga hatchling a ghoul 2 wax golems 3 giant ants 4 floating eyes a homunculus a giant bat 3 hobbits a large kobold a hobgoblin a giant rat 2 red molds 13 gnomes 5 garter snakes 2 gnome zombies 2 geckos 5 jackals a goblin a sewer rat 8 grid bugs a kobold zombie 3 newts 70 creatures vanquished. Voluntary challenges: You used a wielded weapon 50 times. You read items or engraved 7 times. You put on armor 7 times. You never genocided any monsters. You never polymorphed an object. You never changed form. You used no wishes. You wrote Elbereth's name 2 times. You never encountered a bones level. You never used any Sokoban shortcuts. Dungeon overview: The Dungeons of Doom: levels 1 to 4 Level 1 a fountain a long staircase Level 4 <- You were here a general store, a fountain stairs to The Gnomish Mines The Gnomish Mines: Level 5 stairs to The Dungeons of Doom History has recorded: On T:1 you entered the Dungeons of Doom to retrieve the Amulet of Yendor! On T:244 you reached level 2 of The Dungeons of Doom. On T:259 you advanced to experience level 2. On T:542 you advanced to experience level 3. On T:793 you reached level 3 of The Dungeons of Doom. On T:1152 you advanced to experience level 4. On T:1212 you reached level 4 of The Dungeons of Doom. On T:1395 you advanced to experience level 5. On T:1988 you reached level 1 of The Gnomish Mines. On T:2218 you advanced to experience level 6. Latest messages: You begin praying to Tyr. The rothe turns to flee! You finish your prayer. The voice of Tyr thunders: "Thou art arrogant, mortal." "Thou must relearn thy lessons!" You feel foolish! Farvel level 6. [HP-4=1] [3 turns] [HP+1=2] [2 turns] [HP+1=3] You stop waiting. [12 turns] [HP+1=4] [2 turns] You drop a bag. The rothe misses. The rothe bites! (2x) You die... Final status: Farvel kba the Valkyrie... You died in The Dungeons of Doom on dungeon level 4 with 855 points, and 152 pieces of gold, after 2837 moves. You were level 5 with a maximum of 49 hit points when you died.